 Seeded DCSS version 0.29-a0-664-gff9cad4a3d (webtiles) character file.

Game seed: 10802498693541890562 (custom seed)

4980 wilfster70 the Geomancer (level 10, -5/52 HPs)
             Began as a Gargoyle Earth Elementalist on June 22, 2022.
             Was a Believer of Vehumet.
             Slain by an orc warrior
             ... wielding a +0 flail
              (13 damage)
             ... on level 9 of the Dungeon.
             The game lasted 00:23:33 (9910 turns).

wilfster70 the Geomancer (GrEE)                     Turns: 9910, Time: 00:23:34

Health: -5/52      AC: 22    Str: 13    XL:     10   Next: 53%
Magic:  15/19      EV: 15    Int: 19    God:    Vehumet [**....]
Gold:   73         SH:  0    Dex: 10    Spells: 12/21 levels left

rFire   . . .      SeeInvis .   b - +1 dagger (venom)
rCold   . . .      Faith    .   (no shield)
rNeg    + . .      Spirit   .   C - +0 steam dragon scales
rPois   ∞          Reflect  .   d - +0 helmet
rElec   +          Harm     .   w - +0 cloak
rCorr   .          Rampage  .   g - +0 pair of gloves
Will    .....                   e - +0 pair of boots
Stlth   ++........              (no amulet)
HPRegen 0.17/turn               j - +4 ring of evasion
MPRegen 0.16/turn               n - +4 ring of protection

@: no status effects
A: sickness immunity, AC +7, negative energy resistance 1, electricity
resistance, torment resistance 1, petrification resistance
a: Renounce Religion


You were on level 9 of the Dungeon.
You worshipped Vehumet.
Vehumet was pleased with you.
You visited 2 branches of the dungeon, and saw 10 of its levels.

You collected 493 gold pieces.
You spent 420 gold pieces at shops.

Inventory:

Hand Weapons
 a - the +8 hunting sling of Bellicose Guile {freeze, rF+}
   (You found it on level 8 of the Dungeon)

   Any ammunition fired from it freezes those it strikes, dealing additional
   cold damage.
   It can also slow down cold-blooded creatures.
   rF:        It protects you from fire.
 b - a +1 dagger of venom (weapon)
 s - a +0 hunting sling
Missiles
 v - 2 poisoned darts
Armour
 d - a +0 helmet (worn)
 e - a +0 pair of boots (worn)
 g - a +0 pair of gloves (worn)
 w - a +0 cloak (worn)
 x - a +3 leather armour of willpower
 C - +0 steam dragon scales (worn)
Jewellery
 j - a +4 ring of evasion (left hand)
 n - a +4 ring of protection (right hand)
 p - a ring of protection from fire
Wands
 k - a wand of iceblast (4)
 m - a wand of polymorph (10)
Scrolls
 q - 6 scrolls of teleportation
 u - a scroll of blinking
 y - a scroll of amnesia
Potions
 c - a potion of berserk rage
 f - 2 potions of lignification
 h - 4 potions of curing
 i - 2 potions of haste
 l - a potion of magic
 o - a potion of brilliance
 r - a potion of flight {unknown}
 t - a potion of might
 z - 2 potions of invisibility
 B - a potion of ambrosia {unknown}


   Skills:
 - Level 1.0 Fighting
 - Level 6.0 Armour
 - Level 1.5 Dodging
 - Level 2.1 Stealth
 - Level 6.0 Spellcasting
 - Level 6.0 Conjurations
 + Level 7.1 Necromancy
 - Level 0.7 Transmutations
 + Level 9.7 Earth Magic


You had 12 spell levels left.
You knew the following spells:

 Your Spells              Type           Power      Damage    Failure   Level
a - Sandblast             Erth           84%        2d18      1%          1
b - Stone Arrow           Conj/Erth      70%        3d11      1%          3
c - Borgnjor's Vile Clut  Necr/Erth      18%        N/A       10%         5

Your spell library contained the following spells:

 Spells                   Type           Power      Damage    Failure   Level
 Magic Dart               Conj           100%       1d8       1%          1
 Passwall                 Tmut/Erth      20%        N/A       1%          2
 Animate Dead             Necr           32%        N/A       6%          4
 Conjure Flame            Conj/Fire      17%        6-21      10%         3
 Freeze                   Ice            20%        1d4       11%         1
 Petrify                  Tmut/Erth      25%        N/A       13%         4
 Ensorcelled Hibernation  Hex/Ice        10%        N/A       17%         2
 Anguish                  Hex/Necr       9%         N/A       26%         4
 Spider Form              Tmut/Pois      7%         N/A       28%         3
 Ignite Poison            Fire/Tmut/Pois 6%         N/A       30%         3
 Frozen Ramparts          Ice            10%        1d3       32%         3
 Hailstorm                Conj/Ice       17%        3d6       32%         4
 Sticky Flame             Conj/Fire      17%        2d4       32%         4
 Death Channel            Necr           16%        N/A       67%         6


Dungeon Overview and Level Annotations

Branches:
Dungeon (9/15)             Temple (1/1) D:5
   Lair: D:8-11         Orc: D:9-12

Altars:
Cheibriados
Dithmenos
Elyvilon
Fedhas
Gozag
Hepliaklqana
Kikubaaqudgha
Nemelex Xobeh
Okawaru
Qazlal
Ru
Uskayaw
Vehumet
Wu Jian
Xom
Yredelemnul
Zin
The Shining One
Beogh

Shops:
D:1 *   D:2 :   D:8 *?

Annotations:
D:4 exclusion: ice beast
D:6 3 runed translucent doors, exclusion: downstairs, Anon1729's ghost, novice MiMo
D:8 exclusions: hydra and oklob plant
D:9 2 transporters


Innate Abilities, Weirdness & Mutations

You are immune to sickness and miasma.
Your stone body is resilient. (AC +7)
You are immune to poison.
You resist negative energy. (rN+)
You are resistant to electric shocks. (rElec)
You are resistant to unholy torment.
You are immune to petrification.


Message History

Something tries to affect you, but you resist.
Casting: Sandblast (safe; 1% risk of failure)
Confirm with . or Enter, or press ? or * to list all spells.
Aiming: Sandblast (safe; 1% risk of failure)
Press: ? - help, Shift-Dir - straight line, f/p - orc warrior
Aim: an orc warrior, wielding a +0 flail and wearing a +0 plate armour (heavily wounded, 83% to hit)
The blast of sand misses the orc warrior.
Something barely misses you. The orc warrior barely misses you.
The orc barely misses you. The orc warrior closely misses you.
The orc misses you. Something hits you but does no damage.
Casting: Sandblast (safe; 1% risk of failure)
Confirm with . or Enter, or press ? or * to list all spells.
Aiming: Sandblast (safe; 1% risk of failure)
Press: ? - help, Shift-Dir - straight line, f/p - orc warrior
Aim: an orc warrior, wielding a +0 flail and wearing a +0 plate armour (heavily wounded, 83% to hit)
The blast of sand hits the orc warrior!
The orc warrior is severely wounded.
Something barely misses you.
The orc warrior hits you with a +0 flail.
The orc completely misses you.
The orc warrior hits you but does no damage.
You hear some strange, mumbled words.
A magic dart appears from out of thin air!
The magic dart hits you.
* * * LOW HITPOINT WARNING * * *
The orc hits you but does no damage.
Casting: Sandblast (safe; 1% risk of failure)
Confirm with . or Enter, or press ? or * to list all spells.
Aiming: Sandblast (safe; 1% risk of failure)
Press: ? - help, Shift-Dir - straight line, f/p - orc warrior
Aim: an orc warrior, wielding a +0 flail and wearing a +0 plate armour (severely wounded, 83% to hit)
The blast of sand hits the orc warrior.
The orc warrior is almost dead.
Something hits you.
* * * LOW HITPOINT WARNING * * *
The orc warrior hits you with a +0 flail.
* * * LOW HITPOINT WARNING * * *
The orc barely misses you. Something hits you but does no damage.
The orc warrior hits you with a +0 flail!
You die...

#. #.##.# .. #.
#.####### ...#..
#<##...⌠# ......
#.##...#### ....#.######
#.##._....#
...........###..#...##..
.....!).......###...⌠###
##(###oo.#...########
#@{###......#
#...#....#### #........#
#........# #........#
########.#########
#.......... ###########


You could see an orc warrior and an orc.

Vanquished Creatures
  2 two-headed ogres
  Pikel (D:7)
  3 yaks (D:9)
  3 steam dragons (D:8)
  A water moccasin (D:7)
  An acid dragon (D:9)
  A sky beast (D:8)
  An ice beast (D:6)
  A black bear (D:7)
  4 centaurs
  2 phantoms
  3 lemures (D:7)
  2 bullfrogs
  2 scorpions
  A necrophage (D:8)
  3 wights (D:7)
  3 killer bees (D:9)
  A howler monkey (D:6)
  A gnoll shaman (D:7)
  2 hounds (D:6)
  9 jellies
  Crazy Yiuf (D:7)
  5 orc priests
  2 iguanas
  4 orc wizards
  3 gnolls (D:7)
  8 adders
  2 shadow imps
  A white imp (D:8)
  2 worms
  2 dart slugs
  24 orcs
  16 endoplasms
  3 giant cockroaches
  3 goblins
  3 hobgoblins
  3 quokkas
  5 ball pythons
  6 bats
  A frilled lizard (D:2)
  15 kobolds
  2 rats
158 creatures vanquished.

Vanquished Creatures (others)
  2 fungi (D:8)
  2 plants (D:1)
4 creatures vanquished.

Grand Total: 162 creatures vanquished

Notes
Turn   | Place    | Note
-------+----------+-------------------------------------------
     0 | D:1      | wilfster70 the Gargoyle Earth Elementalist began the quest
                  | for the Orb.
     0 | D:1      | Reached XP level 1. HP: 10/10 MP: 3/3
   329 | D:1      | Found Ucketis's Assorted Antiques.
   356 | D:1      | Reached skill level 4 in Earth Magic
   356 | D:1      | Reached XP level 2. HP: 13/15 MP: 5/5
  1082 | D:2      | Reached XP level 3. HP: 19/19 MP: 5/7
  1086 | D:2      | Learned a level 3 spell: Stone Arrow
  1258 | D:2      | Found Temitahe's Book Shoppe.
  1762 | D:3      | Reached XP level 4. HP: 22/24 MP: 4/8
  2040 | D:3      | Reached skill level 5 in Earth Magic
  2324 | D:3      | Found a faded altar of an unknown god.
  2791 | D:4      | Found a glowing silver altar of Zin.
  2972 | D:4      | Noticed an ice beast
  2981 | D:4      | Reached XP level 5. HP: 28/28 MP: 8/10
  4099 | D:5      | Entered Level 5 of the Dungeon
  4172 | D:5      | Reached skill level 6 in Earth Magic
  4172 | D:5      | Reached XP level 6. HP: 31/32 MP: 4/12
  4469 | D:5      | Found a glowing golden altar of the Shining One.
  4483 | D:5      | Found a staircase to the Ecumenical Temple.
  4496 | Temple   | Entered the Ecumenical Temple
  4557 | Temple   | Became a worshipper of Vehumet
  5176 | D:6      | Reached skill level 1 in Conjurations
  5377 | D:6      | Reached XP level 7. HP: 36/36 MP: 11/14
  5424 | D:6      | Reached skill level 5 in Spellcasting
  5826 | D:6      | Found a runed translucent gate.
  5832 | D:6      | Found a runed translucent gate.
  5839 | D:6      | Found a runed translucent gate.
  5842 | D:6      | Noticed Anon1729's ghost (novice MiMo)
  5922 | D:6      | Found a basalt altar of Yredelemnul.
  6316 | D:7      | Reached XP level 8. HP: 40/41 MP: 12/17
  6319 | D:7      | Reached skill level 5 in Conjurations
  6390 | D:7      | Noticed a two-headed ogre
  6595 | D:7      | Found a runed translucent door.
  6596 | D:7      | Noticed Crazy Yiuf
  6601 | D:7      | Killed Crazy Yiuf
  6747 | D:7      | Killed a two-headed ogre
  6986 | D:7      | Reached XP level 9. HP: 35/46 MP: 12/18
  6987 | D:7      | Reached skill level 1 in Fighting
  7211 | D:2      | Bought a book of Unlife for 396 gold pieces
  7217 | D:2      | Learned a level 5 spell: Borgnjor's Vile Clutch
  7439 | D:7      | Reached skill level 1 in Necromancy
  7548 | D:7      | Reached skill level 7 in Earth Magic
  7675 | D:7      | Found an opulent altar of Gozag.
  7697 | D:7      | Reached * piety under Vehumet
  7697 | D:7      | Offered knowledge of Shock by Vehumet.
  7932 | D:7      | Noticed Pikel
  7937 | D:7      | Killed Pikel
  7938 | D:7      | Reached skill level 8 in Earth Magic
  8213 | D:8      | Noticed a seven-headed hydra
  8568 | D:8      | Noticed an oklob plant
  8745 | D:8      | Reached skill level 5 in Necromancy
  8856 | D:8      | Identified the +8 hunting sling of Bellicose Guile {freeze,
                  | rF+}
  8861 | D:8      | Reached XP level 10. HP: 52/52 MP: 17/19
  8929 | D:8      | Found Guhyva's Assorted Antiques.
  8946 | D:8      | Bought a glowing red potion for 24 gold pieces
  9016 | D:8      | Offered knowledge of Magic Dart by Vehumet.
  9059 | D:8      | Reached ** piety under Vehumet
  9085 | D:8      | Found Niaddav's Magic Scroll Shoppe.
  9229 | D:9      | Noticed a two-headed ogre
  9242 | D:9      | Killed a two-headed ogre
  9479 | D:9      | Found a transporter.
  9501 | D:9      | Reached skill level 9 in Earth Magic
  9765 | D:9      | Found a transporter.
  9847 | D:9      | Found a sparkling altar of Nemelex Xobeh.
  9910 | D:9      | Slain by an orc warrior

Illustrated notes

Levels and vault maps discovered:
D:1:      lemuel_arrival_funnel, layout_loops_cross, serial_shops, shop,
          serial_bayou_lake_a
D:2:      layout_basic, serial_shops, nicolae_shop_advertising_works
          [nicolae_subvault_shop_adworks]
D:3:      layout_basic, shapermc_ecumenical_altar_mp_highgroup,
          minmay_misc_feat_plants, minmay_misc_feat_hallway, minmay_vboxes
D:4:      layout_basic, mainiacjoe_overflow_paths, kennysheep_doodads
D:5:      layout_cave_pods, lemuel_doored_altar, minmay_temple_entry_wispy
D:6:      layout_loops_ring, kennysheep_little_box, biasface_ghost_orc_armoury
D:7:      cheibrodos_quashed, layout_basic, nicolae_gozag_seed_capital,
          uniq_pikel, uniq_crazy_yiuf_cottage
D:8:      lemuel_slime, layout_basic, serial_shops,
          nicolae_shop_competitors_out_of_business, nicolae_shop_stone,
          minmay_stone_trees_small, hangedman_misty_isle
D:9:      gammafunk_cloud_chamber, layout_loops_ring, nzn_makhleb_speed_demon,
          mainiacjoe_overflow_24_doors, mainiacjoe_overflow_alcove_2,
          hangedman_decor_lopped, kennysheep_generic_room_8
Temple:   eino_temple_water

Skill      XL: |  1  2  3  4  5  6  7  8  9 10 |
---------------+-------------------------------+-----
Earth Magic    | 4 5 6 8 9 |  9.7
Spellcasting   | 3 4 6 |  6.0
Conjurations   | 2 4 6 |  6.0
Armour         | 6 |  6.0
Fighting       | 1 |  1.0
Necromancy     | 5 7 |  7.1
Dodging        | |  1.5
Stealth        | |  2.1
Transmutations | |  0.7

Action                   |  1- 3 |  4- 6 |  7- 9 | 10-12 || total
-------------------------+-------+-------+-------+-------++-------
Melee: Dagger            |    34 |    21 |    27 |    26 ||   108
       Punch             |       |       |     2 |     1 ||     3
       Hunting sling     |       |       |       |     2 ||     2
 Fire: Hunting sling     |       |     6 |     1 |     4 ||    11
 Cast: Sandblast         |    44 |    73 |    98 |    48 ||   263
       Stone Arrow       |       |       |    35 |     5 ||    40
Evoke: Wand              |       |       |     2 |       ||     2
  Use: Scroll            |     9 |     3 |     3 |     5 ||    20
 Stab: Sleeping          |     3 |       |       |       ||     3
Armor: Robe              |    25 |    26 |     2 |       ||    53
       Leather armour    |       |       |    84 |       ||    84
       Steam dragon scal |       |       |       |    53 ||    53
Dodge: Dodged            |    34 |    76 |    93 |    84 ||   287

Table legend: (Time is in decaauts)
 A = Elapsed time spent in this place.
 B = Non-inter-level travel time spent in this place.
 C = Inter-level travel time spent in this place.
 D = Time resting spent in this place.
 E = Time spent auto-exploring this place.
 F = Levels seen in this place.
 G = Mean time per level.
                   A        B        C        D        E       F      G
               +--------+--------+--------+--------+--------+-----+--------+
         Total |  10202 |   9729 |    473 |   2512 |   4383 |  10 | 1020.2 |
       Dungeon |  10126 |   9667 |    459 |   2512 |   4366 |   9 | 1125.1 |
        Temple |     75 |     61 |     14 |      0 |     17 |   1 |   75.0 |
               +--------+--------+--------+--------+--------+-----+--------+

Top non-repeatable levels by time:
     D:7: 1701 daAuts
     D:4: 1375 daAuts
     D:6: 1221 daAuts
     D:3: 1200 daAuts
     D:8: 1119 daAuts
     D:1: 1118 daAuts
     D:5: 978 daAuts
     D:9: 738 daAuts
     D:2: 673 daAuts
  Temple: 75 daAuts
